 Dungeon Crawl Stone Soup version 0.29.1 (webtiles) character file.

Game seed: 14734313415733879712

370469 smilodon the Acrobat (level 21, -4/187 HPs)
             Began as a Demonspawn Fighter on Sept 13, 2022.
             Was an Elder of Qazlal.
             Slain by an acid blob (20 damage)
             ... on level 3 of the Pits of Slime.
             The game lasted 02:53:55 (58593 turns).

smilodon the Acrobat (Demonspawn Fighter)          Turns: 58593, Time: 02:53:56

Health: -4/187     AC: 33    Str: 24    XL:     21   Next: 33%
Magic:  27/35      EV: 29    Int: 25    God:    Qazlal [****..]
Gold:   1620       SH: 10    Dex: 27    Spells: 20/20 levels left

rFire   + + .      SeeInvis .   G - +3 lajatang (vamp)
rCold   x . .      Faith    .   (shield currently unavailable)
rNeg    + . .      Spirit   .   P - +2 fire dragon scales
rPois   +          Reflect  +   (helmet restricted)
rElec   +          Harm     .   M - +2 cloak "Nuaceato" {rCorr Int+4 Slay+2}
rCorr   +          Rampage  .   k - +2 pair of gloves {Dex+3}
Will    +....                   B - +5 pair of boots of Cipt {rN+ rCorr Int+3}
Stlth   ..........              q - amulet of reflection
HPRegen 0.41/turn               x - ring "Soan" {Fly rPois Int+2 Dex+4}
MPRegen 0.24/turn               T - ring "Puisaika" {rElec Str+3 Int+6 Dex+5}

@: protected from physical damage, corroded, flying, studying Translocations,
repel missiles
A: antennae 2, rugged brown scales 3, ignite blood 3, demonic magic 2,
corrupting presence 1, weak 2
}: 3/15 runes: decaying, serpentine, slimy
a: Renounce Religion, Upheaval, Elemental Force


You were on level 3 of the Pits of Slime.
You worshipped Qazlal.
Qazlal was greatly pleased with you.
You visited 8 branches of the dungeon, and saw 39 of its levels.
You visited the Abyss 2 times.
You also visited: Ice Cave.

You collected 4603 gold pieces.
You spent 2983 gold pieces at shops.

Inventory:

Hand Weapons
 n - a +2 quarterstaff of speed
 D - the +2 lajatang of Omosien {vorpal, rF+ rC+ rN+ Int+4}
   (You bought it in a shop on level 3 of the Snake Pit)

   It inflicts extra damage upon your enemies.
   Int:       It affects your intelligence (+4).
   rF:        It protects you from fire.
   rC:        It protects you from cold.
   rN:        It protects you from negative energy.
 G - a +3 vampiric lajatang (weapon)
Missiles
 m - 4 throwing nets (quivered)
 H - 26 poisoned darts
 K - 2 silver javelins
 Y - 6 silver boomerangs
Armour
 k - a +2 pair of gloves of dexterity (worn)
 w - a +4 crystal plate armour of cold resistance
 B - the +5 pair of boots of Cipt (worn) {rN+ rCorr Int+3}
   (You found it on level 3 of the Elven Halls)

   Int:       It affects your intelligence (+3).
   rN:        It protects you from negative energy.
   rCorr:     It protects you from acid and corrosion.
 M - the +2 cloak "Nuaceato" (worn) {rCorr Int+4 Slay+2}
   (You acquired it on level 12 of the Dungeon)

   Int:       It affects your intelligence (+4).
   Slay:      It affects your accuracy & damage with ranged weapons and melee
   (+2).
   rCorr:     It protects you from acid and corrosion.
 P - +2 fire dragon scales (worn)
Jewellery
 c - a +6 ring of dexterity
 o - the ring of Arpham {Fire Str+3 Dex+5 SInv}
   (You found it on level 3 of the Elven Halls)

   [ring of fire]

   It enhances your fire magic.
   Str:       It affects your strength (+3).
   Dex:       It affects your dexterity (+5).
   rF:        It protects you from fire.
   rC:        It makes you vulnerable to cold.
   SInv:      It lets you see invisible.
 q - an amulet of reflection (around neck)
 u - a ring of willpower
 x - the ring "Soan" (left hand) {Fly rPois Int+2 Dex+4}
   (You found it on level 2 of the Lair of Beasts)

   [ring of flight]

   Int:       It affects your intelligence (+2).
   Dex:       It affects your dexterity (+4).
   rPois:     It protects you from poison.
   Fly:       It grants you flight.
 A - a +4 ring of protection
 I - a +6 ring of strength
 T - the ring "Puisaika" (right hand) {rElec Str+3 Int+6 Dex+5}
   (You bought it in a shop on level 6 of the Dungeon)

   [ring of intelligence]

   Str:       It affects your strength (+3).
   Int:       It affects your intelligence (+6).
   Dex:       It affects your dexterity (+5).
   rElec:     It insulates you from electricity.
Wands
 a - a wand of roots (35)
 b - a wand of acid (11)
 i - a wand of digging (4)
 r - a wand of charming (40)
 y - a wand of flame (10)
 J - a wand of mindburst (25)
Scrolls
 p - 7 scrolls of immolation
 t - 7 scrolls of fog
 v - 3 scrolls of silence
 F - a scroll of torment
 N - a scroll of poison
 Q - 5 scrolls of magic mapping
 R - 3 scrolls of fear
Potions
 e - 7 potions of brilliance
 f - 2 potions of berserk rage
 g - 4 potions of magic
 s - 3 potions of cancellation
 C - a potion of might
 E - a potion of curing
 L - 4 potions of resistance
 O - 9 potions of attraction
 U - a potion of ambrosia
Miscellaneous
 d - a lightning rod (2/4)
 h - a tin of tremorstones (2/2)
 z - a condenser vane (inert)
 X - a phantom mirror (inert)


   Skills:
 + Level 17.4 Fighting
 - Level 1.8 Long Blades
 - Level 14.0 Staves
 + Level 18.3 Armour
 * Level 21.6 Dodging
 - Level 2.7 Shields
 - Level 20.0 Invocations


You had 20 spell levels left.
You didn't know any spells.
Your spell library contained the following spells:

 Spells                   Type           Power      Damage    Failure   Level
 Apportation              Tloc           0%         N/A       26%         1
 Freeze                   Ice            0%         1d3       26%         1
 Magic Dart               Conj           0%         1d3       26%         1
 Necrotise                Necr           0%         1d4       26%         1
 Sandblast                Erth           0%         2d4       26%         1
 Slow                     Hex            0%         N/A       26%         1
 Summon Small Mammal      Summ           0%         N/A       26%         1
 Call Imp                 Summ           0%         N/A       38%         2
 Ensorcelled Hibernation  Hex/Ice        0%         N/A       38%         2
 Passwall                 Tmut/Erth      0%         N/A       38%         2
 Searing Ray              Conj           0%         2d4       38%         2
 Static Discharge         Conj/Air       0%         3-3/arc   38%         2
 Call Canine Familiar     Summ           0%         N/A       63%         3
 Confusing Touch          Hex            0%         N/A       63%         3
 Dazzling Flash           Conj/Hex       0%         N/A       63%         3
 Frozen Ramparts          Ice            0%         1d1       63%         3
 Ignite Poison            Fire/Tmut/Pois 0%         N/A       63%         3
 Mephitic Cloud           Conj/Pois/Air  0%         N/A       63%         3
 Ozocubu's Armour         Ice            0%         N/A       63%         3
 Portal Projectile        Hex/Tloc       0%         N/A       63%         3
 Spider Form              Tmut/Pois      0%         N/A       63%         3
 Stone Arrow              Conj/Erth      0%         3d7       63%         3
 Summon Guardian Golem    Hex/Summ       0%         N/A       63%         3
 Swiftness                Air            0%         N/A       63%         3
 Tukima's Dance           Hex            0%         N/A       63%         3
 Vampiric Draining        Necr           0%         2d6       63%         3
 Airstrike                Air            0%         2d(0-16)  95%         4
 Anguish                  Hex/Necr       0%         N/A       95%         4
 Animate Armour           Summ/Erth      0%         N/A       95%         4
 Animate Dead             Necr           0%         N/A       95%         4
 Cause Fear               Hex            0%         N/A       95%         4
 Dispel Undead            Necr           0%         3d6       95%         4
 Flame Wave               Conj/Fire      0%         2d4       95%         4
 Fulminant Prism          Conj/Hex       0%         3d6       95%         4
 Hailstorm                Conj/Ice       0%         3d3       95%         4
 Olgreb's Toxic Radiance  Pois           0%         N/A       95%         4
 Passage of Golubria      Tloc           0%         N/A       95%         4
 Sticky Flame             Conj/Fire      0%         2d3       95%         4
 Summon Ice Beast         Ice/Summ       0%         N/A       95%         4
 Summon Lightning Spire   Summ/Air       0%         N/A       95%         4
 Agony                    Necr           0%         N/A       100%        5
 Blade Hands              Tmut           0%         N/A       100%        5
 Borgnjor's Vile Clutch   Necr/Erth      0%         N/A       100%        5
 Freezing Cloud           Conj/Ice/Air   0%         6-21      100%        5
 Irradiate                Conj/Tmut      0%         3d11      100%        5
 Lightning Bolt           Conj/Air       0%         1d11      100%        5
 Silence                  Hex/Air        0%         N/A       100%        5
 Summon Forest            Summ/Tloc      0%         N/A       100%        5
 Yara's Violent Unravell  Hex/Tmut       0%         3d3       100%        5
 Death Channel            Necr           0%         N/A       100%        6
 Dispersal                Tloc           0%         N/A       100%        6
 Iron Shot                Conj/Erth      0%         9d1       100%        6
 Summon Cactus Giant      Summ           0%         N/A       100%        6
 Dragon Form              Tmut           0%         N/A       100%        7
 Enfeeble                 Hex            0%         N/A       100%        7
 Haunt                    Necr/Summ      0%         N/A       100%        7
 Malign Gateway           Summ/Tloc      0%         N/A       100%        7
 Ozocubu's Refrigeration  Ice            0%         4d7       100%        7
 Storm Form               Tmut/Air       0%         N/A       100%        7
 Disjunction              Tloc           0%         N/A       100%        8
 Lehudib's Crystal Spear  Conj/Erth      0%         10d2      100%        8
 Maxwell's Capacitive Co  Air            0%         ∞         100%        8
 Summon Horrible Things   Summ           0%         N/A       100%        8
 Dragon's Call            Summ           0%         N/A       100%        9


Dungeon Overview and Level Annotations

Branches:
Dungeon (15/15)            Temple (1/1) D:4            Lair (5/5) D:10
  Swamp (4/4) Lair:3        Snake (4/4) Lair:3        Slime (5/5) Lair:4
    Orc (2/2) D:9             Elf (3/3) Orc:2        Vaults (0/5) D:13
 Depths (0/4) D:15          IceCv (visited)

Altars:
Ashenzari
Cheibriados
Dithmenos
Fedhas
Gozag
Hepliaklqana
Kikubaaqudgha
Makhleb
Nemelex Xobeh
Okawaru
Qazlal
Ru
Sif Muna
Trog
Uskayaw
Vehumet
Wu Jian
Xom
Yredelemnul
Jiyva

Shops:
D:6 =(   D:10 *   D:14 *   Orc:2 !=:!   Elf:1 *   Snake:3 [:!(

Portals:
Abyss: Swamp:4

Annotations:
D:7 3 runed translucent doors, emagee's ghost, novice MeCA
D:8 2 transporters, CertainDeath's ghost, novice TrTm
Elf:3 1 runed translucent door, Cuucabuana's ghost, veteran MiGl


Innate Abilities, Weirdness & Mutations

You have a pair of antennae on your head.
You are completely covered in rugged brown scales. (AC +3, +7% HP)
Your demonic aura causes all spilled blood to erupt in flames.
Spells you cast may paralyse nearby enemies.
Your presence sometimes corrodes those you injure.
You are very weak. (Str -4)


Message History

The blast of rubble hits the slime creature!!
Your corrupting presence corrodes the slime creature!
The slime creature is heavily wounded.
Your attack snaps the slime creature out of its fear.
The blast of magma engulfs the slime creature!!
You kill the slime creature!
Qazlal accepts your kill.
The blast of magma engulfs the rockslime.
The rockslime partially resists.
The rockslime is lightly wounded.
Your attack snaps the rockslime out of its fear.
The blast of rubble hits the rockslime but does no damage.
You can no longer call upon nature's wrath in a wide area around you.
The acid blob spits acid at you.
The splash of acid is repelled.
The slime creature closely misses you.
Okay, then.
As you read the scroll of fear, it crumbles to dust.
You assume a fearsome visage.
The rockslime easily resists.
The acid blob resists with almost no effort.
The slime creature looks frightened!
The rockslime looks frightened!
The slime creature looks frightened!
The acid blob spits acid at you.
The splash of acid is repelled.
The slime creature is engulfed in blazing flames.
Your corrupting presence corrodes the slime creature!
The rockslime is engulfed in blazing flames.
The slime creature is engulfed in blazing flames.
As you read the scroll of fog, it crumbles to dust.
The scroll dissolves into smoke.
The acid blob spits acid at you. The splash of acid hits you! You resist.
* * * LOW HITPOINT WARNING * * *
You feel better.
You feel better.
You feel better. The acid blob hits you!
* * * LOW HITPOINT WARNING * * *
The acid corrodes you!
You are splashed with acid.
You resist.
* * * LOW HITPOINT WARNING * * *
The acid blob hits you!!
You die...

.....≈≈≈...#J.≈..
#.^.≈..>...≈...
##.≈............
#.....J......≈..
###..≈..........#
.##
#..≈≈§...........
..
...≈..§§§........
.##
...≈.§§JJ.....#.#
..#
#..#.§§@§☼##.....
.#
######§§§°.#..#.
## ##.#§§.§°....#
.#
#...§§.≈....#.. #
##..........# #
#......#....# #
#...^..####..#
##.#.... ...#
#####.# .##


You could see an acid blob and a rockslime.

Vanquished Creatures
  the Royal Jelly (Slime:5)
  Mara (Swamp:4)
  Bai Suzhen (Swamp:3)
  A hellephant (Swamp:4)
  A lich (Abyss:2)
  Zenata (Elf:1)
  2 deep elf master archers (Elf:3)
  A tentacled starspawn (Abyss:2)
  6 sphinxes
  The ghost of Persephone the Slayer, an adept MiBe of Trog (Swamp:4)
  9 acid blobs
  A rockslime (shapeshifter) (Elf:1)
  15 rockslimes
  9 nagarajas
  A fenstrider witch (Swamp:3)
  Donald (Swamp:1)
  A frost giant (IceCv)
  16 azure jellies
  6 deep elf sorcerers
  Aizul (Snake:3)
  2 ghouls (Swamp:4)
  An ironbound preserver (D:13)
  3 deep elf elementalists (Elf:3)
  2 very ugly things (Swamp:4)
  6 deep elf demonologists (Elf:3)
  10 quicksilver oozes
  Azrael (Elf:1)
  An eleionoma (Swamp:4)
  3 bunyips
  An entropy weaver (shapeshifter) (Elf:3)
  10 deep elf annihilators (Elf:3)
  An ettin (D:15)
  3 deep elf death magi (Elf:3)
  2 fire dragons
  2 green deaths (Swamp:4)
  Josephine (Swamp:1)
  4 vault guards (Elf:1)
  6 deep elf high priests
  3 ghost crabs
  A hell beast (Swamp:4)
  A quicksilver dragon skeleton (Abyss:2)
  39 hydras
  4 salamander tyrants
  Erolcha (D:10)
  A rakshasa (D:14)
  3 boulder beetles
  7 great orbs of eyes
  A catoblepas (Lair:5)
  A spriggan air mage (Lair:3)
  2 two-headed ogres
  10 anacondas
  16 naga warriors
  7 alligators
  2 alligator snapping turtles (Snake:2)
  7 centaur warriors
  23 dancing weapons
  7 thrashing horrors
  An orc high priest (D:9)
  3 tengu warriors
  11 death yaks
  12 shock serpents
  13 deep elf knights
  A spriggan berserker (Lair:3)
  Sonja (D:10)
  15 naga sharpshooters
  2 sea snakes (Snake:2)
  3 wretched stars (Abyss:2)
  4 goliath frogs
  8 salamander mystics
  A deep troll (D:15)
  5 spriggan druids
  A glowing orange brain (Abyss:2)
  17 naga ritualists
  4 swamp dragons
  16 deep elf archers
  9 bog bodies
  2 orc knights (Orc:2)
  A necromancer (D:15)
  28 deep elf pyromancers
  26 deep elf zephyrmancers
  24 ugly things
  3 harpies
  23 mana vipers
  A wolf spider (Lair:5)
  17 salamanders
  5 cyclopes
  7 will-o-the-wisps
  12 manticores
  2 orc sorcerers
  4 shining eyes
  7 elephants (Lair:4)
  2 worldbinders (Swamp:4)
  4 large abominations
  54 black mambas
  13 naga magi
  A vault sentinel (Elf:1)
  9 guardian serpents
  An ice statue (IceCv)
  An eye of devastation (Slime:5)
  A torpor snail (shapeshifter) (D:14)
  A guardian serpent (shapeshifter) (Elf:3)
  22 cane toads
  5 kobold demonologists
  9 komodo dragons
  An unseen horror (D:12)
  9 rime drakes
  An unseen horror (shapeshifter) (D:14)
  2 tengu conjurers
  A freezing wraith (Abyss:2)
  2 ancient zymes (Abyss:2)
  14 polar bears
  7 trolls
  12 hornets
  9 tyrant leeches
  A raiju (Abyss:2)
  29 blink frogs
  64 slime creatures
  5 dream sheep (Lair:5)
  A snapping turtle (Snake:2)
  6 shadows
  2 air elementals (Elf:1)
  9 wraiths
  9 spriggans
  19 wyverns
  2 humans (D:12)
  5 fire elementals
  6 basilisks
  2 steam dragons
  70 yaks
  5 golden eyes
  2 redbacks (Lair:5)
  14 vampire mosquitoes
  10 swamp worms
  3 wargs
  54 nagas
  4 acid dragons
  21 water moccasins
  9 hell hounds
  2 swamp drakes
  An ice beast (D:5)
  31 orc warriors
  5 ogres
  20 centaurs
  32 wolves
  2 phantoms
  2 kobold brigands
  2 necrophages (Swamp:4)
  12 bullfrogs
  2 scorpions (D:4)
  3 earth elementals
  20 wights
  12 killer bees
  An electric eel (Snake:2)
  A howler monkey (D:13)
  5 jellies
  5 starcursed masses (Abyss:2)
  A quasit (Abyss:2)
  15 orc priests
  5 hounds
  3 gnoll boudas
  An iron imp (Abyss:1)
  18 orc wizards
  8 hell rats
  7 iguanas
  5 small abominations (Abyss:2)
  17 gnolls
  5 adders
  A shadow imp (D:7)
  A white imp (D:6)
  2 ufetubi
  3 worms
  4 dart slugs
  74 orcs
  3 endoplasms
  4 giant cockroaches
  2 goblins (D:3)
  8 hobgoblins
  2 jackals (D:2)
  11 kobolds
  6 quokkas
  3 ball pythons
  6 bats
  5 rats
  A briar patch (Lair:2)
  A lurking horror (Swamp:4)
1473 creatures vanquished.

Vanquished Creatures (collateral kills)
  Nikola (Swamp:2)
  Jorgrun (D:12)
  2 quicksilver oozes (Slime:5)
  A shambling mangrove (Swamp:1)
  Fannar (D:12)
  2 hydras (Elf:1)
  A naga warrior (Snake:3)
  3 dancing weapons (Elf:2)
  A centaur warrior (D:13)
  2 two-headed ogres (D:13)
  2 manticores (Elf:1)
  A cyclops (D:13)
  A guardian serpent (Snake:3)
  A kobold demonologist (D:13)
  A freezing wraith (Abyss:2)
  A meliai (D:13)
  A hornet (Swamp:1)
  A raiju (Swamp:4)
  A vampire mosquito (D:13)
  A hell hound (Elf:1)
  2 nagas (Snake:3)
  A gnoll sergeant (D:12)
  2 howler monkeys (D:13)
  A gnoll (D:12)
32 creatures vanquished.

Vanquished Creatures (others)
  A bunyip (Swamp:2)
  3 deep elf knights
  A naga sharpshooter (Snake:4)
  A swamp dragon (Swamp:4)
  2 deep elf zephyrmancers
  A rime drake (Lair:5)
  A tengu conjurer (D:9)
  A bloated husk (Swamp:1)
  2 bushes
  24 foxfires
  44 fungi
  95 plants
  4 starspawn tentacles (Abyss:2)
180 creatures vanquished.

Grand Total: 1685 creatures vanquished

Notes
Turn   | Place    | Note
-------+----------+-------------------------------------------
     0 | D:1      | smilodon the Demonspawn Fighter began the quest for the
                  | Orb.
     0 | D:1      | Reached XP level 1. HP: 18/18 MP: 1/1
   102 | D:1      | Found a faded altar of an unknown god.
   514 | D:1      | Gained mutation: Your demonic aura sometimes causes spilled
                  | blood to erupt in flames. [demonic ancestry]
   514 | D:1      | Reached XP level 2. HP: 22/24 MP: 2/2
  1221 | D:2      | Reached skill level 1 in Staves
  1331 | D:2      | Reached skill level 1 in Dodging
  1373 | D:2      | Reached XP level 3. HP: 16/29 MP: 3/3
  1770 | D:2      | Found an opulent altar of Gozag.
  2010 | D:3      | Reached XP level 4. HP: 35/35 MP: 4/4
  2059 | D:3      | Got the Anthology of the Map
  2575 | D:4      | Noticed a scorpion
  2585 | D:4      | Killed a scorpion
  2586 | D:4      | Reached skill level 2 in Dodging
  2586 | D:4      | Gained mutation: You are partially covered in rugged brown
                  | scales. (AC +1, +3% HP) [demonic ancestry]
  2586 | D:4      | Reached XP level 5. HP: 36/42 MP: 5/5
  2763 | D:4      | Found a staircase to the Ecumenical Temple.
  2774 | Temple   | Entered the Ecumenical Temple
  2782 | Temple   | Became a worshipper of Qazlal Stormbringer
  3188 | D:4      | Gained mutation: Spells you cast may paralyse adjacent
                  | enemies. [demonic ancestry]
  3188 | D:4      | Reached XP level 6. HP: 49/49 MP: 6/6
  3346 | D:5      | Entered Level 5 of the Dungeon
  3355 | D:4      | Reached skill level 3 in Dodging
  3604 | D:5      | Gained mutation: Your demonic aura often causes spilled
                  | blood to erupt in flames. [demonic ancestry]
  3604 | D:5      | Reached XP level 7. HP: 55/55 MP: 7/7
  3759 | D:5      | Found a sparkling altar of Nemelex Xobeh.
  4225 | D:6      | Reached skill level 4 in Dodging
  4250 | D:6      | Reached * piety under Qazlal
  4441 | D:6      | Reached XP level 8. HP: 62/62 MP: 8/8
  4517 | D:6      | Found Sizij's Weapon Shop.
  4711 | D:6      | Reached skill level 5 in Fighting
  4713 | D:6      | Reached skill level 5 in Staves
  4713 | D:6      | Reached skill level 5 in Dodging
  4729 | D:6      | Gained mutation: You passively dampen the noise of your
                  | surroundings. [potion of mutation]
  4729 | D:6      | Gained mutation: You are weak. (Str -2) [potion of
                  | mutation]
  4729 | D:6      | Gained mutation: You are strong-willed. (Will+) [potion of
                  | mutation]
  4750 | D:6      | Found a burning altar of Makhleb.
  5071 | D:6      | Found Kuwkaits's Jewellery Emporium.
  5240 | Abyss:1  | Cast into level 1 of the Abyss (orc)
  5260 | Abyss:1  | Noticed a starcursed mass
  5275 | D:7      | Escaped the Abyss
  6144 | D:6      | Reached skill level 5 in Armour
  6365 | D:6      | Reached skill level 1 in Invocations
  6440 | D:7      | Reached XP level 9. HP: 60/70 MP: 10/10
  6514 | D:7      | Reached skill level 6 in Dodging
  6539 | D:7      | Found a runed translucent gate.
  6539 | D:7      | Found a runed translucent gate.
  6539 | D:7      | Found a runed translucent gate.
  6670 | D:7      | Reached ** piety under Qazlal
  6891 | D:7      | Noticed emagee's ghost (novice MeCA)
  6891 | D:7      | Noticed a spectral unseen horror
  7035 | D:8      | Found a snail-covered altar of Cheibriados.
  7287 | D:8      | Noticed a queen bee
  7328 | D:8      | Noticed CertainDeath's ghost (novice TrTm)
  7329 | D:8      | Found a transporter.
  7331 | D:8      | Found a transporter.
  7681 | D:8      | Noticed a two-headed ogre
  7689 | D:8      | Killed a two-headed ogre
  7690 | D:8      | Reached skill level 7 in Dodging
  8123 | D:7      | Gained mutation: You have a pair of small antennae on your
                  | head. [demonic ancestry]
  8123 | D:7      | Reached XP level 10. HP: 73/79 MP: 13/13
  8590 | D:9      | Reached skill level 5 in Invocations
  8673 | D:9      | Found a staircase to the Orcish Mines.
  9008 | D:9      | Noticed a cyclops
  9022 | D:9      | Killed a cyclops
  9025 | D:9      | Noticed a centaur warrior
  9029 | D:9      | Killed a centaur warrior
  9030 | D:9      | Reached skill level 8 in Dodging
  9044 | D:9      | Noticed a centaur warrior
  9049 | D:9      | Killed a centaur warrior
  9283 | D:10     | Entered Level 10 of the Dungeon
  9385 | D:10     | Noticed a green ugly thing
  9391 | D:10     | Killed a green ugly thing
  9391 | D:10     | Reached *** piety under Qazlal
  9628 | D:10     | Noticed Sonja
  9658 | D:10     | Killed Sonja
  9659 | D:10     | Gained mutation: Your demonic aura causes all spilled blood
                  | to erupt in flames. [demonic ancestry]
  9659 | D:10     | Reached XP level 11. HP: 19/74 MP: 15/15
 10135 | D:10     | Found Todagh's Changing Room.
 10177 | D:10     | Noticed Erolcha
 10182 | D:10     | Killed Erolcha
 10354 | D:10     | Reached skill level 9 in Dodging
 10426 | D:10     | Found a radiant altar of Vehumet.
 11054 | D:10     | Found a staircase to the Lair.
 11958 | D:11     | Found a frozen archway.
 11987 | IceCv    | Entered an ice cave
 11998 | IceCv    | Reached **** piety under Qazlal
 12318 | IceCv    | Gained mutation: Spells you cast may paralyse nearby
                  | enemies. [demonic ancestry]
 12318 | IceCv    | Reached XP level 12. HP: 86/96 MP: 18/18
 12337 | IceCv    | Reached skill level 10 in Dodging
 12339 | IceCv    | Reached skill level 10 in Staves
 12377 | IceCv    | Noticed a death yak
 12381 | IceCv    | Killed a death yak
 12533 | IceCv    | Noticed a death yak
 12533 | IceCv    | Noticed a death yak
 12533 | IceCv    | Noticed a death yak
 12548 | IceCv    | Killed a death yak
 12555 | IceCv    | Killed a death yak
 12561 | IceCv    | Killed a death yak
 12824 | IceCv    | Noticed a frost giant
 13235 | IceCv    | Killed a frost giant
 13748 | D:11     | Noticed a two-headed ogre
 13753 | D:11     | Killed a two-headed ogre
 14583 | D:12     | Reached skill level 11 in Dodging
 14604 | D:12     | Noticed a six-headed hydra
 14615 | D:12     | Killed a six-headed hydra
 14706 | D:12     | Noticed a boulder beetle
 14736 | D:12     | Killed a boulder beetle
 15053 | D:12     | Noticed a tengu warrior
 15061 | D:12     | Killed a tengu warrior
 15131 | D:12     | Gained mutation: You are mostly covered in rugged brown
                  | scales. (AC +2, +5% HP) [demonic ancestry]
 15131 | D:12     | Reached XP level 13. HP: 72/106 MP: 20/20
 15158 | D:12     | Found a large runed translucent door.
 15159 | D:12     | Found a large runed translucent door.
 15201 | D:12     | Found an iron altar of Okawaru.
 15202 | D:12     | Found an iron altar of Okawaru.
 15241 | D:13     | Noticed an ironbound preserver
 15253 | D:13     | Killed an ironbound preserver
 15254 | D:13     | Reached skill level 10 in Invocations
 15580 | D:12     | Noticed Fannar
 15590 | D:12     | Killed Fannar
 15714 | D:12     | Noticed Jorgrun
 15730 | D:12     | Killed Jorgrun
 16075 | D:12     | Found an iron altar of Okawaru.
 16358 | D:12     | Identified a scroll of acquirement
 16358 | D:12     | Acquired the +2 cloak "Nuaceato" {rCorr Int+4 Slay+2}
 16976 | D:13     | Reached skill level 12 in Dodging
 17081 | D:13     | Found a gate to the Vaults.
 17097 | D:13     | Reached skill level 10 in Fighting
 18096 | D:14     | Reached XP level 14. HP: 55/115 MP: 22/22
 18423 | D:14     | Got the Almanac of the Map and Intoxication
 18430 | D:14     | You fall into a shaft and drop 1 floor!
 18430 | D:15     | Entered Level 15 of the Dungeon
 18718 | D:14     | Found Qulushrax's General Store.
 20521 | D:15     | Found a staircase to the Depths.
 20735 | Orc:1    | Entered Level 1 of the Orcish Mines
 20950 | D:6      | Bought the ring "Puisaika" {rElec Str+3 Int+6 Dex+5} for
                  | 801 gold pieces
 21252 | Orc:2    | Entered Level 2 of the Orcish Mines
 21473 | Orc:2    | Found a staircase to the Elven Halls.
 21484 | Orc:2    | Reached skill level 13 in Dodging
 21509 | Orc:2    | Reached ***** piety under Qazlal
 22182 | Orc:2    | Reached skill level 10 in Armour
 22402 | Orc:2    | Found Nourik's Book Boutique.
 22402 | Orc:2    | Found Bezua's Jewellery Shoppe.
 22404 | Orc:2    | Found Pelly's Distillery.
 22406 | Orc:2    | Found Astek's Distillery.
 22481 | Elf:1    | Entered Level 1 of the Elven Halls
 22489 | Elf:1    | Noticed Azrael
 22509 | Elf:1    | Killed Azrael
 23133 | Lair:1   | Entered Level 1 of the Lair of Beasts
 23186 | Lair:1   | Reached XP level 15. HP: 118/123 MP: 24/24
 23196 | Lair:1   | Identified the +8 dagger "Jogush" {spect, Str+6 SInv}
 23293 | Lair:1   | Found a bloodstained altar of Trog.
 23953 | Lair:2   | Found a transporter.
 23986 | Lair:2   | Found a transporter.
 24126 | Lair:2   | Identified the ring "Soan" {Fly rPois Int+2 Dex+4}
 25637 | Lair:3   | Found a staircase to the Snake Pit.
 25833 | Lair:3   | Reached ****** piety under Qazlal
 25867 | Lair:3   | Found a staircase to the Swamp.
 26498 | Lair:4   | Reached skill level 14 in Dodging
 26641 | Lair:4   | Found a staircase to the Slime Pits.
 27510 | Orc:2    | Bought a manual of Armour for 1120 gold pieces
 27711 | Lair:5   | Entered Level 5 of the Lair of Beasts
 28581 | Lair:5   | Gained mutation: You are completely covered in rugged brown
                  | scales. (AC +3, +7% HP) [demonic ancestry]
 28581 | Lair:5   | Reached XP level 16. HP: 117/135 MP: 26/26
 29059 | Lair:5   | Reached skill level 15 in Dodging
 29721 | Snake:1  | Entered Level 1 of the Snake Pit
 33058 | Snake:1  | Reached skill level 15 in Invocations
 33413 | Snake:2  | Reached skill level 16 in Dodging
 34542 | Snake:2  | Reached XP level 17. HP: 135/145 MP: 28/28
 36422 | Snake:3  | Found Hofackeo's Book Boutique.
 36424 | Snake:3  | Found Poc Ypuh's Weapon Shop.
 36424 | Snake:3  | Found Taku's Armour Boutique.
 36429 | Snake:3  | Found Qiok's Distillery.
 37208 | Snake:3  | Reached skill level 17 in Dodging
 37655 | Snake:4  | Entered Level 4 of the Snake Pit
 38411 | Snake:4  | Noticed Aizul
 38433 | Snake:3  | Killed Aizul
 39057 | Swamp:1  | Entered Level 1 of the Swamp
 39660 | Swamp:1  | Noticed Donald
 39675 | Swamp:1  | Killed Donald
 39876 | Swamp:1  | Noticed Josephine
 39882 | Swamp:1  | Killed Josephine
 40193 | Swamp:1  | Identified the +4 short sword "Rogug" {freeze, *Slow Str+7}
 40507 | Swamp:2  | Reached XP level 18. HP: 148/150 MP: 30/30
 40679 | Swamp:2  | Reached skill level 15 in Armour
 40710 | Swamp:2  | Noticed Nikola
 40733 | Swamp:2  | Killed Nikola
 41105 | Swamp:2  | You are sucked into a shaft and drop 1 floor!
 41348 | Swamp:3  | Noticed Bai Suzhen
 41361 | Swamp:3  | Killed Bai Suzhen
 42394 | Swamp:4  | Entered Level 4 of the Swamp
 42435 | Swamp:4  | Found the macabre finger necklace {rN+}
 42453 | Swamp:4  | Found a transporter.
 42601 | Swamp:4  | Reached skill level 18 in Dodging
 43148 | Swamp:4  | Got a decaying rune of Zot
 43219 | Swamp:4  | Identified the +8 battleaxe of Massacring {speed, Contam
                  | rF+ Int+4 Dex+5}
 43370 | Swamp:4  | Noticed Mara
 43374 | Swamp:4  | Noticed smilodon's illusion
 43654 | Swamp:4  | Found a transporter.
 43654 | Swamp:4  | Noticed a hellephant
 43671 | Swamp:4  | Noticed smilodon's illusion
 43677 | Swamp:4  | Killed Mara
 43688 | Swamp:4  | Found a one-way gate to the infinite horrors of the Abyss.
 43688 | Swamp:4  | Noticed Persephone's ghost (adept MiBe)
 43733 | Swamp:4  | Killed Persephone's ghost
 43822 | Swamp:4  | Killed a hellephant
 44422 | Swamp:4  | Reached skill level 15 in Fighting
 44772 | Snake:3  | Bought the +2 lajatang of Omosien {vorpal, rF+ rC+ rN+
                  | Int+4} for 859 gold pieces
 45853 | Snake:4  | Reached XP level 19. HP: 157/165 MP: 32/32
 46637 | Snake:4  | Reached skill level 19 in Dodging
 46900 | Snake:4  | Got a serpentine rune of Zot
 46959 | Snake:4  | Identified the +8 short sword of the Antique God {drain,
                  | Str+5}
 47997 | Elf:1    | Noticed Zenata
 48015 | Elf:1    | Killed Zenata
 48301 | Elf:1    | Found Juneyph's General Store.
 48309 | Elf:1    | Bought a potion of heal wounds for 70 gold pieces
 48309 | Elf:1    | Bought a scroll of brand weapon for 133 gold pieces
 48496 | Elf:1    | Paralysed by an air elemental for 1 turns
 49166 | Elf:1    | Noticed a juggernaut
 49172 | Elf:1    | a juggernaut changed into a rockslime
 49573 | Elf:1    | Got Enoqie Peel's Compilation of Creation
 50140 | Elf:2    | Found a runed translucent gate.
 50140 | Elf:2    | Found a runed translucent gate.
 50140 | Elf:2    | Found a runed translucent gate.
 50310 | Elf:2    | Gained mutation: You have a pair of antennae on your head.
                  | [demonic ancestry]
 50310 | Elf:2    | Reached XP level 20. HP: 70/175 MP: 21/33
 50625 | Elf:2    | Reached skill level 20 in Dodging
 51523 | Elf:3    | Entered Level 3 of the Elven Halls
 51767 | Abyss:2  | Cast into level 2 of the Abyss (a deep elf sorcerer)
 52477 | Elf:3    | Escaped the Abyss
 53005 | Elf:3    | Found a runed translucent door.
 53333 | Elf:3    | Noticed Cuucabuana's ghost (veteran MiGl)
 53779 | Elf:3    | Identified the ring "Jeoqinon" {+Blink MP+9 Int+4}
 53845 | Elf:3    | Identified the +1 halberd of Eneschoo {pain, +Blink rCorr
                  | MP-9 Str-5}
 54091 | Elf:3    | Identified the +5 pair of boots of Cipt {rN+ rCorr Int+3}
 54114 | Elf:3    | Got the Tome of the Charred Commander
 54119 | Elf:3    | Identified the ring of Arpham {Fire Str+3 Dex+5 SInv}
 54127 | Elf:3    | Got the Catalogue of the Arenous Legion
 54381 | Elf:3    | Identified the ring of Jyxoh {rPois rF+ Str-3 Int+6}
 54658 | Slime:1  | Entered Level 1 of the Pits of Slime
 54670 | Slime:1  | Reached skill level 21 in Dodging
 54972 | Slime:2  | Found a viscous altar of Jiyva.
 54975 | Slime:2  | Gained mutation: You have hidden genetic defects. [a
                  | shining eye]
 54987 | Slime:2  | Gained mutation: You are frail. (-10% HP) [a shining eye]
 54990 | Slime:2  | Gained mutation: You occasionally lose the ability to drink
                  | potions when taking damage. [a shining eye]
 55308 | Slime:3  | Lost mutation: You have hidden genetic defects. [a shining
                  | eye]
 55312 | Slime:3  | Gained mutation: You are very weak. (Str -4) [a shining
                  | eye]
 55340 | Slime:2  | Gained mutation: Your presence sometimes corrodes those you
                  | injure. [demonic ancestry]
 55340 | Slime:2  | Reached XP level 21. HP: 168/168 MP: 35/35
 55775 | Slime:5  | Entered Level 5 of the Pits of Slime
 56675 | Slime:5  | Noticed the Royal Jelly
 56933 | Slime:5  | Found a viscous altar of Jiyva.
 57809 | Slime:5  | Killed the Royal Jelly
 58257 | Slime:5  | Got a slimy rune of Zot
 58405 | Slime:5  | Lost mutation: You occasionally lose the ability to drink
                  | potions when taking damage. [potion of mutation]
 58405 | Slime:5  | Lost mutation: You are frail. (-10% HP) [potion of
                  | mutation]
 58405 | Slime:5  | Gained mutation: Your body sometimes deteriorates upon
                  | taking damage. [potion of mutation]
 58406 | Slime:5  | Lost mutation: Your body sometimes deteriorates upon taking
                  | damage. [potion of mutation]
 58406 | Slime:5  | Lost mutation: You passively dampen the noise of your
                  | surroundings. [potion of mutation]
 58406 | Slime:5  | Lost mutation: You are strong-willed. (Will+) [potion of
                  | mutation]
 58406 | Slime:5  | Gained mutation: You have hidden genetic defects. [potion
                  | of mutation]
 58406 | Slime:5  | Lost mutation: You have hidden genetic defects. [potion of
                  | mutation]
 58593 | Slime:3  | Slain by an acid blob

Illustrated notes

Levels and vault maps discovered:
D:1:      scummos_arrival_forest, layout_basic,
          hellmonk_ecumenical_altar_blasted, nicolae_kite_square_tiling_tiny,
          item_on_display_b
D:2:      layout_rooms, basic_altar
D:3:      layout_basic
D:4:      layout_loops_ring, minmay_temple_entry_fiery,
          chequers_serial_rivers_marsh
D:5:      layout_basic, nemelex_spade_bored_becter, guppyfry_early_lair_pool
D:6:      layout_basic, mainiacjoe_overflow_paths, serial_shops,
          nicolae_take_the_stairs, nicolae_shop_advertising_works
          [nicolae_subvault_shop_adworks]
D:7:      layout_cave_pools, gammafunk_ghost_necromancy
D:8:      layout_cave_pods, lemuel_tele_altar, gammafunk_ghost_hive
D:9:      minmay_blocky_corners, layout_rooms, minmay_orc_entry_temple_small
D:10:     layout_grid_maze, kennysheep_mini_moat, mainiacjoe_overflow_alcove_4,
          minmay_lair_entry_grove, nicolae_transmutations_shop,
          chequers_serial_rivers_micro_b, hangedman_abyss_or_decor_stagger,
          minivault_1, uniq_erolcha, uniq_sonja
D:11:     layout_basic, portal_ice_cave_rime
D:12:     okawaru_arena_lexackson, layout_irregular_city, okawaru_humans,
          uniq_fannar, uniq_jorgrun
D:13:     layout_basic, skrybe_vaults_entry_preservation
D:14:     layout_stronghold, kennysheep_nub, serial_shops, kennysheep_little_box
D:15:     hangedman_depths_entry_civil_slaughter, layout_basic, nicolae_sextant
Temple:   sentei_temple_godly_chess
Lair:1:   layout_concentric_octagons, basic_altar, grunt_megastairs_4
Lair:2:   gammafunk_worm_tunnel, layout_layer_cave, serial_bayou_shore_b
Lair:3:   layout_chaotic_city, minmay_swamp_entry_swarm,
          minmay_snake_entry_guardpost_medium, grunt_megastairs_5,
          lemuel_fruit_tree
Lair:4:   layout_cave_shapes, minmay_slime_entry_pillars, columned_hall_lemuel
Lair:5:   hangedman_lair_tendril_chambers, layout_gridlike,
          guppyfry_lair_end_dragon
Swamp:1:  layout_basic_swamp, evilmike_swamp_ruin_house_1, uniq_donald,
          uniq_josephine
Swamp:2:  layout_basic_swamp, evilmike_swamp_ruin_house_5, uniq_nikola
Swamp:3:  layout_basic_swamp, serial_swamp_ruin, evilmike_swamp_ruin_house_3,
          evilmike_swamp_ruin_wall, evilmike_swamp_ruin_rubble_1,
          uniq_bai_suzhen
Swamp:4:  swamp_vile, layout_basic_swamp, gammafunk_ghost_abyssal_escape,
          infiniplex_staircase_pool, uniq_mara
Snake:1:  layout_layer_cave, nicolae_snake_magic_snake_eye
Snake:2:  hangedman_cross_stitches, layout_layer_cave,
          nicolae_snake_herptile_family_reunion
Snake:3:  layout_grid_maze, minmay_shoptagon, serial_bayou_shore_b
Snake:4:  johnstein_snake_rune_scales, layout_gridlike, uniq_aizul
Slime:1:  layout_caves
Slime:2:  layout_caves, basic_altar
Slime:3:  cheibrodos_slime_lost_civilization_8, layout_caves
Slime:4:  layout_caves, cheibrodos_slime_lost_civilization_5
Slime:5
Orc:1:    layout_caves
Orc:2:    st_orc_rangers, layout_diamond_mine
Elf:1:    layout_rooms, special_room [special_room_mythical_zoo], serial_shops,
          shop, minmay_elf_sorcery, nicolae_elf_vaults_five_recruitment_drive,
          uniq_zenata, uniq_azrael
Elf:2:    elven_hall_of_blades_hangedman_original
          [nicolae_blade_entry_floor_patterns], layout_geoelf_octagon
Elf:3:    minmay_elf_hall_curves, layout_geoelf_diagonals, special_room
          [special_room_mythical_zoo], ebering_ghost_reflecting_pool

Skill      XL: |  1  2  3  4  5  6  7  8  9 10 11 12 13 14 15 16 17 18 19 20 |
---------------+-------------------------------------------------------------+-----
Staves         | 1 2 3 4 6 7 8 9 11 12 13 14 | 14.0
Dodging        | 1 2 3 4 5 7 8 9 11 12 13 14 16 17 18 19 21 | 21.6
Armour         | 3 4 5 6 7 8 9 10 11 13 14 16 17 18 | 18.3
Fighting       | 4 5 6 7 8 9 10 11 12 13 14 15 16 17 | 17.4
Invocations    | 1 4 6 8 9 11 12 13 15 16 18 19 20 | 20.0
Long Blades    | |  1.8
Shields        | |  2.7

Action                   |  1- 3 |  4- 6 |  7- 9 | 10-12 | 13-15 | 16-18 | 19-21 || total
-------------------------+-------+-------+-------+-------+-------+-------+-------++-------
Melee: Long sword        |     8 |       |       |       |       |       |       ||     8
       Quarterstaff      |    70 |    61 |   189 |   418 |   945 |  1518 |   117 ||  3318
       Lajatang          |       |       |       |       |       |    77 |  1366 ||  1443
Throw: Boomerang         |       |       |       |     4 |    15 |    26 |       ||    45
       Javelin           |       |       |       |     5 |       |       |     2 ||     7
       Throwing net      |       |       |       |     1 |       |       |     2 ||     3
Invok: Upheaval          |       |       |       |     2 |       |       |     2 ||     4
       Elemental Force   |       |       |       |     1 |     9 |     6 |     8 ||    24
       Disaster Area     |       |       |       |       |       |     1 |     5 ||     6
Evoke: Wand              |       |       |     6 |     7 |     3 |     2 |     8 ||    26
       Lightning rod     |       |       |       |       |     4 |       |     3 ||     7
       Phantom mirror    |       |       |       |       |       |       |     1 ||     1
       Condenser vane    |       |       |       |       |       |       |     1 ||     1
  Use: Potion            |     3 |     3 |     6 |     3 |       |     7 |    24 ||    46
       Scroll            |     7 |     5 |     6 |     9 |     6 |    10 |    27 ||    70
 Stab: Invisible         |       |       |     1 |       |       |       |       ||     1
       Distracted        |       |       |       |       |     1 |     2 |     1 ||     4
       Paralysed         |       |       |       |       |       |     3 |       ||     3
       Held in net/web   |       |       |       |       |       |       |     1 ||     1
Armor: Chain mail        |    35 |       |       |       |       |       |       ||    35
       Scale mail        |     3 |       |       |       |       |       |       ||     3
       Plate armour      |    32 |    41 |   164 |   121 |       |       |       ||   358
       Crystal plate arm |       |       |       |   112 |   453 |   674 |   702 ||  1941
       Fire dragon scale |       |       |       |       |       |       |    27 ||    27
Dodge: Dodged            |    20 |    10 |    60 |   121 |   269 |   541 |   829 ||  1850
       Repelled          |       |       |       |     2 |     6 |    47 |    60 ||   115
Block: Other             |       |    13 |    95 |   201 |   431 |   797 |   684 ||  2221
       Reflection        |       |     1 |     2 |     7 |    66 |    75 |    55 ||   206
